 Dungeon Crawl Stone Soup version 0.30-a0-830-gfe289a77b0 (webtiles) character file.

Game seed: 11378229330151055367

551095 cheesebisquit the Crack Shot (level 25, -2/238 HPs)
             Began as a Minotaur Hunter on Feb 27, 2023.
             Was a Priest of Okawaru.
             Slain by an azure jelly (4 damage)
             ... created by the Royal Jelly
             ... on level 5 of the Pits of Slime on Feb 28, 2023.
             The game lasted 03:58:48 (64642 turns).

cheesebisquit the Crack Shot (Minotaur Hunter)     Turns: 64642, Time: 03:58:48

Health: -2/238     AC: 15    Str: 25    XL:     25   Next: 5%
Magic:  2/10       EV: 37    Int: 11    God:    Okawaru [***...]
Gold:   1721       SH:  5    Dex: 34    Spells: 24/43 levels left

rFire   + . .      SeeInvis +    Q - +9 longbow (antimagic)
rCold   + . .      Faith    .    (shield currently unavailable)
rNeg    + . .      Spirit   .    C - +6 chain mail of Analysis {Dex+2}
rPois   +          Reflect  +    r - +0 hat of Sapi {Fly Int+4}
rElec   +          Harm     .    D - +2 ratskin cloak {*Rats rPois rN+ Str-1 Int-1 Dex+1}
rCorr   +          Rampage  +    A - +3 pair of gauntlets of War {Slay+5}
Will    +....                    P - +0 pair of boots of Catatonia {rElec Regen+ Str+3 Stlth-}
Stlth   +                        c - amulet of the Devil's Advocate {Reflect Rampage SH+5}
HPRegen 1.39/turn                G - ring of Hopruty {Str+3 Dex+6 Slay-2 SInv Stlth+}
MPRegen 0.12/turn                d - ring "Bephoa" {rPois Str+3 Dex+4}

@: resistant, heroic, corroded, flying, studying Translocations
A: horns 2, retaliatory headbutt, clumsy 1, low MP 1, subdued magic 1
}: 3/15 runes: barnacled, silver, gossamer
a: Renounce Religion, Heroism


You were on level 5 of the Pits of Slime.
You worshipped Okawaru.
Okawaru was most pleased with you.
You visited 9 branches of the dungeon, and saw 45 of its levels.
You visited 1 bazaar.
You also visited: Sewer, Bailey, Gauntlet and Ice Cave.

You collected 5791 gold pieces.
You spent 4070 gold pieces at shops.

Inventory:

Hand Weapons
 Q - a +9 antimagic longbow (weapon)
 S - a +3 antimagic arbalest
Missiles
 g - 5 silver boomerangs
 l - 9 silver javelins
 t - 9 boomerangs of dispersal
 E - 29 poisoned darts
 M - 6 datura-tipped darts
 X - 4 throwing nets
 Z - 7 curare-tipped darts
Armour
 e - the +4 moon troll leather armour {Spirit, Regen++ MP+5}
   (You took it off an orc warlord in a bailey)

   MP:        It affects your magic capacity (+5).
   Regen:     It increases your rate of health regeneration.
 r - the +0 hat of Sapi (worn) {Fly Int+4}
   (Okawaru gifted it to you on level 1 of the Vaults)

   Int:       It affects your intelligence (+4).
   Fly:       It grants you flight.
 A - the +3 pair of gauntlets of War (worn) {Slay+5}
   (You acquired it on level 2 of the Lair of Beasts)

   Slay:      It affects your accuracy & damage with ranged weapons and melee
   (+5).
 C - the +6 chain mail of Analysis (worn) {Dex+2}
   (Okawaru gifted it to you on level 3 of the Shoals)

   Dex:       It affects your dexterity (+2).
 D - the +2 ratskin cloak (worn) {*Rats rPois rN+ Str-1 Int-1 Dex+1}
   (You bought it in a shop on level 2 of the Orcish Mines)

   *Rats:     When the wearer is hurt, rats may emerge from it to assist them.
   Str:       It affects your strength (-1).
   Int:       It affects your intelligence (-1).
   Dex:       It affects your dexterity (+1).
   rPois:     It protects you from poison.
   rN:        It protects you from negative energy.
 P - the +0 pair of boots of Catatonia (worn) {rElec Regen+ Str+3 Stlth-}
   (Okawaru gifted it to you on level 3 of the Vaults)

   Str:       It affects your strength (+3).
   rElec:     It insulates you from electricity.
   Regen:     It increases your rate of health regeneration.
   Stlth:     It makes you less stealthy.
 R - the +2 chain mail of the Gusle {Fly Will+}
   (You found it on level 2 of the Depths)

   Fly:       It grants you flight.
   Will:      It increases your willpower.
Magical Staves
 L - a staff of air
Jewellery
 c - the amulet of the Devil's Advocate (around neck) {Reflect Rampage SH+5}
   (You bought it in a shop on level 2 of the Vaults)

   [amulet of reflection]

   It reflects blocked missile attacks.
   SH:        It affects your SH (+5).
   Rampage:   It bestows one free step when moving towards enemies.
 d - the ring "Bephoa" (right hand) {rPois Str+3 Dex+4}
   (You acquired it on level 5 of the Dungeon)

   [ring of poison resistance]

   Str:       It affects your strength (+3).
   Dex:       It affects your dexterity (+4).
   rPois:     It protects you from poison.
 w - a ring of flight
 z - a +6 ring of dexterity
 G - the ring of Hopruty (left hand) {Str+3 Dex+6 Slay-2 SInv Stlth+}
   (You took it off an orc priest on level 5 of the Vaults)

   [ring of dexterity]

   Str:       It affects your strength (+3).
   Dex:       It affects your dexterity (+6).
   Slay:      It affects your accuracy & damage with ranged weapons and melee
   (-2).
   SInv:      It lets you see invisible.
   Stlth:     It makes you more stealthy.
 H - the ring "Ickusodwi" {rF+ Dex+3}
   (You took it off a spriggan on level 3 of the Depths)

   [ring of protection from fire]

   Dex:       It affects your dexterity (+3).
   rF:        It protects you from fire.
 W - an amulet of magic regeneration
Wands
 m - a wand of flame (102)
 n - a wand of digging (15)
 p - a wand of mindburst (17)
 v - a wand of quicksilver (23)
 y - a wand of roots (30)
 B - a wand of polymorph (34)
Scrolls
 b - 8 scrolls of immolation
 j - 5 scrolls of fog
 k - 9 scrolls of amnesia
 o - 17 scrolls of teleportation
 q - 2 scrolls of silence
 s - 3 scrolls of poison
 I - 2 scrolls of brand weapon
 K - 5 scrolls of fear
 U - 9 scrolls of vulnerability
Potions
 h - 20 potions of curing
 i - 5 potions of attraction
 x - 9 potions of flight
 F - 11 potions of lignification
 J - 3 potions of magic
 N - 7 potions of ambrosia
 O - a potion of might
 T - 7 potions of mutation
 V - a potion of resistance
 Y - a potion of brilliance


   Skills:
 - Level 22.0(27) Fighting
 - Level 22.0(27) Ranged Weapons
 - Level 22.0(27) Armour
 + Level 21.6(26.6) Dodging
 - Level 0.7(5.7) Stealth
 - Level 9.8 Spellcasting
 + Level 16.5 Translocations
 - Level 12.2 Invocations


You had 24 spell levels left.
You knew the following spells:

 Your Spells              Type           Power      Damage    Failure   Level
a - Blink                 Tloc           64%        N/A       1%          2
b - Lesser Beckoning      Tloc           64%        N/A       1%          2
c - Portal Projectile     Hex/Tloc       36%        N/A       2%          3
d - Momentum Strike       Conj/Tloc      36%        3d9       1%          2
e - Vhi's Electric Charg  Tloc/Air       36%        N/A       2%          3
f - Passage of Golubria   Tloc           32%        N/A       1%          4
g - Kindle Blastsparks    Fire/Tloc/Air  26%        2d12      8%          3

Your spell library contained the following spells:

 Spells                   Type           Power      Damage    Failure   Level
 Kiss of Death            Conj/Necr      16%        2d6       26%         1
 Necrotise                Necr           16%        1d4       26%         1
 Sandblast                Erth           8%         2d5       26%         1
 Slow                     Hex            16%        N/A       26%         1
 Cigotuvi's Dreadful Rot  Necr/Pois/Air  8%         N/A       36%         2
 Passwall                 Tmut/Erth      3%         N/A       36%         2
 Poisonous Vapours        Pois/Air       8%         N/A       36%         2
 Searing Ray              Conj           8%         2d4       36%         2
 Sublimation of Blood     Necr           4%         N/A       36%         2
 Confusing Touch          Hex            4%         N/A       61%         3
 Ignite Poison            Fire/Tmut/Pois 4%         N/A       61%         3
 Mephitic Cloud           Conj/Pois/Air  4%         N/A       61%         3
 Ozocubu's Armour         Ice            4%         N/A       61%         3
 Stone Arrow              Conj/Erth      8%         3d7       61%         3
 Swiftness                Air            4%         N/A       61%         3
 Vampiric Draining        Necr           4%         2d6       61%         3
 Airstrike                Air            2%         2d(1-17)  95%         4
 Dispel Undead            Necr           4%         3d7       95%         4
 Leda's Liquefaction      Hex/Erth       2%         N/A       95%         4
 Petrify                  Tmut/Erth      4%         N/A       95%         4
 Agony                    Necr           4%         N/A       100%        5
 Alistair's Intoxication  Tmut/Pois      2%         N/A       100%        5
 Arcjolt                  Conj/Air       2%         1d12      100%        5
 Blade Hands              Tmut           2%         N/A       100%        5
 Borgnjor's Vile Clutch   Necr/Erth      2%         N/A       100%        5
 Fireball                 Conj/Fire      2%         3d4       100%        5
 Freezing Cloud           Conj/Ice/Air   2%         6-21      100%        5
 Irradiate                Conj/Tmut      2%         3d12      100%        5
 Iskenderun's Battlesphe  Conj           4%         2d6       100%        5
 Lee's Rapid Deconstruct  Erth           2%         3d4*      100%        5
 Lightning Bolt           Conj/Air       2%         1d13      100%        5
 Silence                  Hex/Air        2%         N/A       100%        5
 Conjure Ball Lightning   Conj/Air       2%         3x3d6     100%        6
 Eringya's Noxious Bog    Tmut/Pois      2%         N/A       100%        6
 Iron Shot                Conj/Erth      2%         9d2       100%        6
 Statue Form              Tmut/Erth      2%         N/A       100%        6
 Dragon Form              Tmut           2%         N/A       100%        7
 Orb of Destruction       Conj           2%         9d5       100%        7
 Ozocubu's Refrigeration  Ice            2%         4d7       100%        7
 Lehudib's Crystal Spear  Conj/Erth      2%         10d2      100%        8
 Maxwell's Capacitive Co  Air            2%         ∞         100%        8
 Chain Lightning          Conj/Air       2%         3d2       100%        9
 Fire Storm               Conj/Fire      2%         8d1       100%        9
 Shatter                  Erth           2%         3d6*      100%        9
 Tukima's Dance           Hex            Unusable   N/A       N/A         3
 Animate Armour           Summ/Erth      Unusable   N/A       N/A         4
 Summon Lightning Spire   Summ/Air       Unusable   N/A       N/A         4
 Death Channel            Necr           Unusable   N/A       N/A         6
 Haunt                    Necr/Summ      Unusable   N/A       N/A         7

Dungeon Overview and Level Annotations

Branches:
Dungeon (15/15)            Temple (1/1) D:6            Lair (5/5) D:9
 Shoals (4/4) Lair:2       Spider (4/4) Lair:2        Slime (5/5) Lair:5
    Orc (2/2) D:10            Elf (0/3) Orc:2        Vaults (5/5) D:14
  Crypt (0/3) Vaults:3     Depths (4/4) D:15            Zot (0/5) Depths:4
  Sewer (visited)          Bailey (visited)           IceCv (visited)
Gauntlet (visited)

Altars:
Ashenzari
Cheibriados
Dithmenos
Elyvilon
Fedhas
Gozag
Hepliaklqana
Kikubaaqudgha
Makhleb
Nemelex Xobeh
Okawaru
Qazlal
Ru
Sif Muna
Trog
Uskayaw
Vehumet
Wu Jian
Xom
Yredelemnul
Zin
The Shining One
Jiyva

Shops:
D:11 [   D:12 ?   Orc:2 **!!   Vaults:2 *   Vaults:3 *   Depths:1 [

Portals:
Hell: Depths:1 Depths:2 Depths:3 Depths:4
Abyss: Depths:3 Depths:4
Pandemonium: Depths:1 Depths:2
Ziggurat: Depths:1
Trove: D:15 (give 2 scrolls of acquirement)

Annotations:
Slime:5 Royal Jelly
Orc:2 1 runed translucent door, sasquatch's ghost, journeyman DrHu


Innate Abilities, Weirdness & Mutations

You have a pair of horns on your head.
You reflexively headbutt those who attack you in melee.
You are clumsy. (Dex -2)
Your magical capacity is low. (-10% MP)
Your spells are a little easier to cast, but a little less powerful.


Message History

The splash of acid hits you!
* * * LOW HITPOINT WARNING * * *
As you read the scroll of fear, it crumbles to dust.
You assume a fearsome visage.
The quicksilver ooze is unaffected.
The rockslime looks frightened!
The azure jelly looks frightened!
The rockslime easily resists.
The azure jelly looks frightened!
The rockslime looks frightened!
The acid blob easily resists.
The rockslime looks frightened!
The azure jelly resists with some effort.
The acid blob resists with almost no effort.
The acid blob easily resists.
The rockslime looks frightened!
The rockslime resists with almost no effort.
The acid blob easily resists.
The azure jelly resists with some effort.
The acid blob resists with almost no effort.
The rockslime jiggles.
The acid blob spits acid at you. The splash of acid hits you!!
* * * LOW HITPOINT WARNING * * *
The acid corrodes you!
The acid blob jiggles.
The acid blob spits acid at you. The splash of acid hits you!!
* * * LOW HITPOINT WARNING * * *
As you read the scroll of fog, it crumbles to dust.
The scroll dissolves into smoke.
The acid blob jiggles.
Okay, then.
Okay, then.
You feel better. The azure jelly misses you. You furiously retaliate!
You headbutt the azure jelly, but do no damage.
You block the azure jelly's attack. The azure jelly barely misses you.
The azure jelly hits you but does no damage.
You feel protected. The azure jelly completely misses you.
The azure jelly hits you.
* * * LOW HITPOINT WARNING * * *
The azure jelly freezes you!! You resist.
* * * LOW HITPOINT WARNING * * *
The azure jelly hits you.
You die...

.......<.........................
..##.............................
####..........................
#.#.......^................
####.......................
#.......................
#......§§J§..............
#......§§J§..............
#........§@JJ..............
#........§§J§..............
##.......§§JJJ.............
#...........J.............
##........................
...........JJJ..........
##...........JJ.........
#....##................ ##..#
##.......J.......


You could see the Royal Jelly, 7 acid blobs, 2 azure jellies, 3 rockslimes and a
quicksilver ooze.

Vanquished Creatures
  A dread lich (Vaults:5)
  3 ancient liches (Vaults:5)
  Mennas (Vaults:5)
  3 juggernauts
  Sojobo (Depths:4)
  Saint Roka (Vaults:5)
  2 caustic shrikes
  Margery (Vaults:5)
  4 golden dragons
  3 bone dragons
  A profane servitor (Depths:1)
  Jorgrun (D:12)
  A walking crystal tome (Depths:2)
  Rupert (D:13)
  7 tentacled monstrosities
  3 liches
  4 titans (Vaults:5)
  Polyphemus (Shoals:3)
  A walking divine tome (Depths:2)
  4 quicksilver dragons
  18 acid blobs
  Frances (D:14)
  A kraken (Shoals:3)
  Kirke (D:13)
  9 shadow dragons
  6 sphinxes
  Donald (D:10)
  7 tengu reavers
  Roxanne (Shoals:3)
  A storm dragon (Vaults:5)
  10 rockslimes
  Ilsuiw (Shoals:3)
  10 fire giants
  2 iron dragons
  9 azure jellies
  6 frost giants
  A draconian knight (Depths:4)
  Aizul (Spider:2)
  5 emperor scorpions (Spider:4)
  A draconian shifter (Depths:4)
  Louise (Shoals:4)
  6 ghost moths
  A deep elf sorcerer (Vaults:4)
  17 vault wardens
  2 orc warlords
  A war gargoyle (Vaults:5)
  5 broodmothers
  4 quicksilver oozes
  A reaper (Depths:4)
  A juggernaut skeleton (Depths:1)
  28 ironbound preservers
  9 ironbound thunderhulks
  12 very ugly things
  4 vampire knights
  19 stone giants
  A deep elf demonologist (Vaults:5)
  2 black draconians (Depths:4)
  7 spark wasps
  2 red draconians (Depths:4)
  20 dire elephants
  4 deep elf annihilators (Vaults:5)
  A yellow draconian (Depths:4)
  2 purple draconians (Depths:4)
  2 pearl dragon zombies (Depths:1)
  A blizzard demon (Depths:4)
  8 merfolk javelineers
  10 ettins
  3 deep elf death magi (Vaults:5)
  4 jiangshi
  10 merfolk impalers
  7 fire dragons
  6 great orbs of eyes
  5 entropy weavers
  A rakshasa (Depths:1)
  A deep elf high priest (Vaults:5)
  7 hydras
  21 yaktaur captains
  Harold (Lair:1)
  3 hell beasts
  9 ice dragons
  A peacekeeper (Vaults:4)
  36 vault guards
  3 spriggan air magi
  14 centaur warriors
  4 ironbound frosthearts
  3 ogre magi
  8 boulder beetles
  3 two-headed ogres
  The ghost of GilGalad the Thaumaturge, a journeyman DgFE (Lair:1)
  A radroach (Spider:4)
  2 merfolk aquamancers
  An anaconda (shapeshifter) (Depths:2)
  4 merfolk avatars
  A catoblepas (Shoals:3)
  6 deep troll shamans
  A satyr (Shoals:2)
  A death knight (Depths:2)
  A death yak (shapeshifter) (Depths:2)
  5 deep troll earth magi
  3 hell hogs (Depths:1)
  8 tengu warriors
  4 vampire magi
  Urug (Lair:2)
  6 spriggan berserkers
  8 death yaks
  2 skysharks
  3 orc high priests (Orc:2)
  A shock serpent (shapeshifter) (Vaults:5)
  7 spriggans (Depths:3)
  23 hell knights
  2 sun demons
  Amaemon (Lair:2)
  20 skeletal warriors
  9 iron trolls
  A spectral anaconda (Lair:5)
  8 pharaoh ants
  2 sun moths
  9 sea snakes
  7 orb spiders
  A flayed ghost (Vaults:5)
  4 storm dragon skeletons (Depths:1)
  An obsidian statue (Lair:5)
  77 deep trolls
  2 deep elf archers (Vaults:5)
  9 glowing orange brains
  9 wizards
  6 phantasmal warriors
  19 ironbound convokers
  5 steelbarb worms
  9 harpies
  2 deep elf pyromancers
  8 necromancers
  5 cyclopes
  A deep elf zephyrmancer (Vaults:5)
  11 orc knights
  7 shining eyes
  23 ugly things
  5 orc sorcerers
  A shadow dragon skeleton (Depths:1)
  10 fauns
  18 wolf spiders
  2 tengu skeletons (Depths:1)
  An iron dragon skeleton (Depths:1)
  3 sphinx skeletons (Depths:1)
  2 moths of wrath (Spider:2)
  3 fire giant skeletons (Depths:1)
  14 manticores
  7 black mambas
  5 stone giant skeletons (Depths:1)
  20 vault sentinels
  A black mamba (shapeshifter) (Depths:3)
  A dire elephant zombie (Lair:5)
  3 frost giant skeletons (Depths:1)
  2 ice statues (IceCv)
  8 merfolk sirens
  4 apis skeletons (Depths:1)
  8 demonic crawlers
  3 torpor snails
  121 slime creatures
  A guardian serpent (shapeshifter) (D:14)
  A rust devil (D:6)
  7 water nymphs
  Maurice (D:12)
  9 cane toads
  18 elephants
  3 gargoyles
  An orange demon (Lair:2)
  3 eyes of devastation
  A smoke demon (Depths:2)
  An eye of devastation (shapeshifter) (Vaults:4)
  Psyche (D:11)
  9 komodo dragons
  A yaktaur zombie (Vaults:4)
  An ice devil (Depths:2)
  An efreet (D:13)
  9 rime drakes
  32 yaktaurs
  4 tengu conjurers
  2 freezing wraiths (Vaults:5)
  3 human skeletons (Vaults:4)
  38 merfolk
  5 trolls
  A shadow dragon simulacrum (Vaults:4)
  3 meliai
  10 wind drakes
  12 hornets
  A hornet (shapeshifter) (D:15)
  A merfolk (shapeshifter) (Depths:2)
  3 polar bears
  A polar bear (shapeshifter) (D:15)
  A wolf spider simulacrum (D:14)
  5 blink frogs
  28 tarantellas
  10 dream sheep
  Sigmund (D:5)
  13 snapping turtles
  2 spectral elephants (Lair:5)
  21 jumping spiders
  9 flying skulls (Depths:1)
  20 culicivoras
  A shadow (D:10)
  2 jumping spiders (shapeshifter)
  5 wyverns
  4 spriggan skeletons (Depths:1)
  20 water elementals
  3 wraiths
  15 humans (D:14)
  A vampire (D:13)
  39 yaks
  3 hogs (D:13)
  67 redbacks
  4 golden eyes
  A basilisk (shapeshifter) (Vaults:5)
  A chaos spawn (Depths:1)
  6 steam dragons
  5 basilisks
  3 death yak simulacra (Lair:5)
  A swamp worm (shapeshifter) (Depths:2)
  2 acid dragons
  Duvessa (D:6)
  A floating eye (Slime:5)
  2 ice beasts
  28 orc warriors
  24 water moccasins
  A glowing shapeshifter skeleton (Depths:1)
  2 sky beasts (D:7)
  2 swamp drakes (Lair:4)
  A black bear (D:9)
  An elephant skeleton (Lair:5)
  14 wolves
  9 centaurs
  8 ogres
  5 boggarts (D:14)
  3 phantoms
  3 kobold brigands
  16 bullfrogs
  2 gnoll sergeants (D:8)
  A scorpion (D:6)
  A necrophage (D:4)
  3 cane toad simulacra (Lair:5)
  7 wights (D:8)
  Dowan (D:6)
  3 troll zombies (D:10)
  2 elephant simulacra (Lair:5)
  3 killer bees (D:11)
  2 lindwurm simulacra (IceCv)
  2 electric eels (D:10)
  The ghost of JumpingJurisdiction the Ducker, a weakling DjFE (D:3)
  3 howler monkeys
  3 quasits (D:3)
  5 komodo dragon simulacra (IceCv)
  4 hounds
  13 jellies
  5 gnoll boudas
  16 orc priests
  7 iguanas
  Natasha (thrice) (D:3 D:2)
  19 orc wizards
  11 hell rats (Lair:3)
  3 ogre zombies (D:10)
  16 gnolls
  8 acid dragon simulacra (IceCv)
  7 adders
  12 river rats (Lair:3)
  A shadow imp (D:8)
  12 white imps (D:12)
  6 steam dragon simulacra (IceCv)
  2 ufetubi
  4 worms
  3 dart slugs
  64 orcs
  5 endoplasms
  14 giant cockroaches
  8 goblins
  10 hobgoblins
  4 jackals (D:1)
  26 kobolds
  13 quokkas
  12 ball pythons
  4 bats
  12 frilled lizards
  2 goblin skeletons (D:10)
  2 goblin zombies (D:10)
  2 hobgoblin zombies (D:10)
  An orc skeleton (D:10)
  12 orc zombies (D:10)
  16 rats
2043 creatures vanquished.

Vanquished Creatures (others)
  A hell knight (Depths:4)
  A pharaoh ant (Spider:3)
  A wolf spider (Spider:3)
  A rime drake (IceCv)
  A slime creature (Slime:2)
  A human (D:14)
  A redback (shapeshifter) (Depths:3)
  An orc priest (Orc:2)
  An orc wizard (Orc:2)
  An adder (D:6)
  An orc (Orc:2)
  11 fungi
  127 plants
  4 tentacles (Shoals:3)
  23 withered plants
176 creatures vanquished.

Grand Total: 2219 creatures vanquished

Notes
Turn   | Place    | Note
-------+----------+-------------------------------------------
     0 | D:1      | cheesebisquit the Minotaur Hunter began the quest for the
                  | Orb.
     0 | D:1      | Reached XP level 1. HP: 18/18 MP: 0/0
   240 | D:1      | Reached XP level 2. HP: 25/25 MP: 1/1
   390 | D:1      | Reached skill level 5 in Ranged Weapons
   689 | D:2      | Reached XP level 3. HP: 30/30 MP: 2/2
  1564 | D:3      | Noticed Natasha
  1635 | D:3      | Reached XP level 4. HP: 37/37 MP: 3/3
  1810 | D:3      | Killed Natasha
  1824 | D:3      | Found a transporter.
  1827 | D:3      | Noticed JumpingJurisdiction's ghost (weakling DjFE)
  1845 | D:3      | Found a transporter.
  1846 | D:3      | Noticed Natasha
  1850 | D:3      | Killed Natasha
  1851 | D:3      | Reached XP level 5. HP: 42/42 MP: 4/4
  1912 | D:3      | Noticed Natasha
  1929 | D:2      | Killed Natasha
  2254 | D:3      | Found a faded altar of an unknown god.
  3026 | D:4      | Noticed a water moccasin
  3031 | D:4      | Killed a water moccasin
  3032 | D:4      | Reached XP level 6. HP: 50/50 MP: 5/5
  3968 | D:5      | Entered Level 5 of the Dungeon
  4020 | D:5      | Found a shadowy altar of Dithmenos.
  4041 | D:5      | Identified a scroll of acquirement
  4045 | D:5      | Acquired the ring "Bephoa" {rPois Str+3 Dex+4}
  4110 | D:5      | Found a glowing drain.
  4119 | Sewer    | Entered a sewer
  4148 | Sewer    | Reached XP level 7. HP: 56/56 MP: 6/6
  4286 | Sewer    | Reached skill level 10 in Ranged Weapons
  4691 | D:5      | Noticed Sigmund
  4698 | D:5      | Killed Sigmund
  4803 | D:5      | Reached XP level 8. HP: 62/62 MP: 7/7
  5204 | D:6      | Noticed a rust devil
  5209 | D:6      | Noticed Duvessa
  5242 | D:6      | Killed a rust devil
  5501 | D:6      | Noticed Dowan
  5512 | D:6      | Killed Duvessa
  5902 | D:6      | Noticed an angel
  6158 | D:6      | Killed Dowan
  6159 | D:6      | Reached XP level 9. HP: 61/68 MP: 8/8
  6215 | D:6      | Found a staircase to the Ecumenical Temple.
  6224 | Temple   | Entered the Ecumenical Temple
  6323 | Temple   | Became a worshipper of Warmaster Okawaru
  6904 | D:7      | Got Ruvoluda's Tractate on Grey Gloom
  7526 | D:7      | Reached * piety under Okawaru
  7577 | D:7      | Found a stormy altar of Qazlal.
  7578 | D:7      | Found a burning altar of Makhleb.
  7883 | D:8      | Found a flagged portal.
  7892 | Bailey   | Entered a bailey
  7946 | Bailey   | Noticed an orc warlord
  8040 | Bailey   | Found a runed translucent gate.
  8043 | Bailey   | Found a runed translucent gate.
  8044 | Bailey   | Found a runed translucent gate.
  8253 | Bailey   | Killed an orc warlord
  8253 | Bailey   | Reached ** piety under Okawaru
  8254 | Bailey   | Reached skill level 5 in Fighting
  8254 | Bailey   | Reached skill level 15 in Ranged Weapons
  8254 | Bailey   | Reached XP level 10. HP: 39/81 MP: 5/9
  8395 | Bailey   | Reached XP level 11. HP: 94/94 MP: 10/10
  8623 | D:8      | Reached skill level 1 in Armour
  8938 | D:8      | Identified the +4 robe of Loirue Pini {Rampage Drain rPois}
  9383 | D:8      | Reached *** piety under Okawaru
  9719 | D:9      | Found a white marble altar of Elyvilon.
  9998 | D:9      | Found a staircase to the Lair.
 10411 | D:9      | Found the +0 staff of Battle
 10486 | D:9      | Reached **** piety under Okawaru
 10744 | D:10     | Entered Level 10 of the Dungeon
 11566 | D:10     | Found a staircase to the Orcish Mines.
 11786 | D:10     | Reached skill level 5 in Armour
 12023 | D:10     | Found a sacrificial altar of Ru.
 12024 | D:10     | Found a bloodstained altar of Trog.
 12294 | D:11     | Reached XP level 12. HP: 106/106 MP: 11/11
 12310 | D:11     | Found Noylizo's Antique Armour Shop.
 12318 | D:11     | Bought a pair of runed boots for 270 gold pieces
 12318 | D:11     | Bought an ichor-stained leather armour for 252 gold pieces
 12318 | D:11     | Identified the +1 leather armour of Catatonia {Int+2} (You
                  | bought it in a shop on level 11 of the Dungeon)
 12405 | D:11     | Reached skill level 1 in Invocations
 12659 | D:11     | Reached ***** piety under Okawaru
 12705 | D:11     | Noticed Psyche
 12717 | D:11     | Killed Psyche
 12798 | D:11     | Reached skill level 10 in Fighting
 12808 | D:11     | Identified the +0 robe of Suym Ykau {Rampage rC+ Int-2
                  | Archmagi}
 12917 | D:12     | Noticed Jorgrun
 13051 | D:12     | Killed Jorgrun
 13051 | D:12     | Received a gift from Okawaru
 13129 | D:12     | Found a frozen archway.
 13157 | IceCv    | Entered an ice cave
 13652 | IceCv    | Noticed an ice dragon
 13660 | IceCv    | Killed an ice dragon
 13905 | D:12     | Found an opulent altar of Gozag.
 13988 | D:12     | Noticed a two-headed ogre
 13994 | D:12     | Killed a two-headed ogre
 14034 | D:12     | Noticed a two-headed ogre
 14038 | D:12     | Killed a two-headed ogre
 14039 | D:12     | Reached skill level 10 in Dodging
 14157 | D:12     | Noticed Maurice
 14166 | D:12     | Killed Maurice
 14257 | D:12     | Found Edodeas's Magic Scroll Shoppe.
 14269 | D:12     | Bought a scroll of fear for 52 gold pieces
 14269 | D:12     | Bought a scroll of identify for 26 gold pieces
 14269 | D:12     | Bought a scroll of vulnerability for 52 gold pieces
 14269 | D:12     | Bought a scroll of identify for 26 gold pieces
 14890 | D:3      | Killed JumpingJurisdiction's ghost
 15066 | D:9      | Upgraded the game from 0.30-a0-823-geb93a13fce to
                  | 0.30-a0-824-g6c64550be9
 15067 | Lair:1   | Entered Level 1 of the Lair of Beasts
 15236 | Lair:1   | Reached XP level 13. HP: 116/116 MP: 15/15
 15348 | Lair:1   | You are sucked into a shaft and drop 1 floor!
 15356 | Lair:2   | Noticed Amaemon
 15371 | Lair:2   | Killed Amaemon
 15372 | Lair:2   | Reached skill level 5 in Invocations
 15422 | Lair:2   | Found a hole to the Spider Nest.
 15461 | Lair:1   | Noticed GilGalad's ghost (journeyman DgFE)
 15461 | Lair:1   | Found a runed translucent gate.
 15461 | Lair:1   | Found a runed translucent gate.
 15461 | Lair:1   | Found a runed translucent gate.
 15675 | Lair:1   | Noticed Harold
 15687 | Lair:1   | Killed Harold
 16184 | Lair:2   | Noticed Urug
 16186 | Lair:2   | Killed Urug
 16348 | Lair:2   | Acquired the +3 pair of gauntlets of War {Slay+5}
 16348 | Lair:2   | Found the +3 pair of gauntlets of War {Slay+5}
 16417 | Lair:2   | Found a staircase to the Shoals.
 18687 | Lair:4   | Reached skill level 10 in Armour
 18763 | Lair:4   | Received a gift from Okawaru
 19548 | Lair:5   | Entered Level 5 of the Lair of Beasts
 19563 | Lair:5   | Reached XP level 14. HP: 127/127 MP: 6/18
 19742 | Lair:5   | Found a staircase to the Slime Pits.
 19742 | Lair:5   | Found a viscous altar of Jiyva.
 19863 | Lair:4   | Identified the +2 buckler "Taptiom" {rN++ rCorr Int-5 SInv}
                  | (Okawaru gifted it to you on level 4 of the Lair of Beasts)
 19863 | Lair:4   | Received a gift from Okawaru
 21381 | Orc:1    | Entered Level 1 of the Orcish Mines
 21575 | Orc:2    | Entered Level 2 of the Orcish Mines
 21575 | Orc:2    | Noticed Donald
 21682 | D:10     | Killed Donald
 22242 | Orc:2    | Found a staircase to the Elven Halls.
 22632 | Orc:2    | Found a runed translucent door.
 22633 | Orc:2    | Found a shimmering altar of Xom.
 22633 | Orc:2    | Noticed sasquatch's ghost (journeyman DrHu)
 22729 | Orc:2    | Reached XP level 15. HP: 139/139 MP: 0/21
 22956 | Orc:2    | Found Conlibug's Distillery.
 22956 | Orc:2    | Found Doonakh's General Store.
 22958 | Orc:2    | Found Kiapn's Distillery.
 22958 | Orc:2    | Found Igorelek's General Store.
 22969 | Orc:2    | Bought the +2 ratskin cloak {*Rats rPois rN+ Str-1 Int-1
                  | Dex+1} for 417 gold pieces
 22969 | Orc:2    | Found the +2 ratskin cloak {*Rats rPois rN+ Str-1 Int-1
                  | Dex+1}
 23145 | Orc:2    | Bought a potion of lignification for 36 gold pieces
 23145 | Orc:2    | Bought a potion of curing for 36 gold pieces
 23145 | Orc:2    | Bought a potion of heal wounds for 60 gold pieces
 23145 | Orc:2    | Bought a potion of lignification for 36 gold pieces
 23147 | Orc:2    | Bought a potion of curing for 48 gold pieces
 23147 | Orc:2    | Bought a potion of heal wounds for 80 gold pieces
 23147 | Orc:2    | Bought a potion of curing for 48 gold pieces
 23148 | Orc:2    | Bought a scroll of enchant armour for 105 gold pieces
 23155 | Orc:2    | Bought a wand of roots (3) for 100 gold pieces
 23155 | Orc:2    | Bought a potion of curing for 42 gold pieces
 23157 | Orc:2    | Bought a scroll of fear for 60 gold pieces
 23356 | Lair:1   | Killed GilGalad's ghost
 23545 | D:13     | Noticed Kirke
 23558 | D:13     | Killed Kirke
 23743 | D:13     | Identified the +2 robe of Idealism {Dex+3}
 23848 | D:13     | Noticed Rupert
 23854 | D:13     | Paralysed by Rupert for 3 turns
 23874 | D:13     | Killed Rupert
 24454 | D:14     | Found a gate to the Vaults.
 24498 | D:14     | Reached skill level 15 in Fighting
 24498 | D:14     | Reached skill level 10 in Invocations
 24999 | D:14     | Noticed Frances
 25017 | D:14     | Killed Frances
 25586 | D:15     | Entered Level 15 of the Dungeon
 25691 | D:15     | Found a portal to a secret trove of treasure.
 25786 | D:15     | Found a gate leading to a gauntlet.
 25793 | Gauntlet | Entered a Gauntlet
 25793 | Gauntlet | Found a transporter.
 25801 | Gauntlet | Found a transporter.
 25803 | Gauntlet | Found a transporter.
 25814 | Gauntlet | Found a transporter.
 25817 | Gauntlet | Found a transporter.
 25825 | Gauntlet | Found a transporter.
 25846 | Gauntlet | Found a transporter.
 25857 | Gauntlet | Found a transporter.
 25864 | Gauntlet | Found a runed translucent gate.
 25864 | Gauntlet | Found a runed translucent gate.
 25864 | Gauntlet | Found a runed translucent gate.
 25868 | Gauntlet | Found a transporter.
 25883 | Gauntlet | Found a runed translucent door.
 25883 | Gauntlet | Found a runed translucent door.
 25887 | Gauntlet | Found a transporter.
 25890 | Gauntlet | Found a transporter.
 25901 | Gauntlet | Found a transporter.
 25949 | Gauntlet | Found a transporter.
 25963 | Gauntlet | Found a transporter.
 26162 | D:15     | Found a staircase to the Depths.
 26261 | D:15     | Received a gift from Okawaru
 26979 | Spider:1 | Entered Level 1 of the Spider Nest
 27074 | Spider:1 | Identified the +1 robe of the Clam {Dex+4}
 27746 | Spider:1 | You are sucked into a shaft and drop 1 floor!
 28099 | Spider:1 | Reached XP level 16. HP: 151/151 MP: 2/23
 29822 | Spider:3 | Reached skill level 15 in Dodging
 31671 | Spider:3 | Noticed Aizul
 31707 | Spider:2 | Killed Aizul
 31992 | Spider:3 | Reached skill level 15 in Armour
 32345 | Spider:4 | Entered Level 4 of the Spider Nest
 33767 | Spider:4 | Reached XP level 17. HP: 161/161 MP: 10/25
 34383 | Spider:4 | Got a gossamer rune of Zot
 34773 | Shoals:1 | Entered Level 1 of the Shoals
 37540 | Shoals:3 | Noticed Polyphemus
 37555 | Shoals:3 | Identified the +6 chain mail of Analysis {Dex+2} (Okawaru
                  | gifted it to you on level 3 of the Shoals)
 37555 | Shoals:3 | Received a gift from Okawaru
 37568 | Shoals:3 | Killed Polyphemus
 37600 | Shoals:3 | Noticed Ilsuiw
 37607 | Shoals:3 | Killed Ilsuiw
 37859 | Shoals:3 | Noticed Roxanne
 37887 | Shoals:3 | Killed Roxanne
 37939 | Shoals:3 | Reached XP level 18. HP: 173/173 MP: 10/26
 38312 | Shoals:4 | Entered Level 4 of the Shoals
 38802 | Shoals:4 | Noticed Louise
 38820 | Shoals:4 | Killed Louise
 38966 | Shoals:4 | Got a barnacled rune of Zot
 39634 | Vaults:1 | Entered Level 1 of the Vaults
 39720 | Vaults:1 | Learned a level 2 spell: Blink
 39790 | Vaults:1 | Reached skill level 1 in Translocations
 39793 | Vaults:1 | Reached skill level 1 in Spellcasting
 39889 | Vaults:1 | Reached ****** piety under Okawaru
 39889 | Vaults:1 | Received a gift from Okawaru
 40520 | Vaults:1 | Identified the +0 hat of Sapi {Fly Int+4} (Okawaru gifted
                  | it to you on level 1 of the Vaults)
 40520 | Vaults:1 | Received a gift from Okawaru
 40804 | Vaults:1 | Reached skill level 5 in Translocations
 41174 | Vaults:2 | Reached XP level 19. HP: 169/182 MP: 9/27
 41220 | Vaults:2 | Reached skill level 5 in Spellcasting
 41244 | Vaults:2 | Learned a level 2 spell: Lesser Beckoning
 41248 | Vaults:2 | Learned a level 3 spell: Portal Projectile
 41251 | Vaults:2 | Learned a level 2 spell: Momentum Strike
 41255 | Vaults:2 | Learned a level 3 spell: Vhi's Electric Charge
 41260 | Vaults:2 | Learned a level 4 spell: Passage of Golubria
 41264 | Vaults:2 | Learned a level 3 spell: Kindle Blastsparks
 42845 | Vaults:2 | Found Guses's Assorted Antiques.
 42853 | Vaults:2 | Bought a scroll of fear for 136 gold pieces
 42853 | Vaults:2 | Bought a scroll of fog for 136 gold pieces
 42853 | Vaults:2 | Bought a potion of curing for 102 gold pieces
 42853 | Vaults:2 | Bought a heavily runed ruby amulet for 170 gold pieces
 42853 | Vaults:2 | Identified the amulet of the Devil's Advocate {Reflect
                  | Rampage SH+5} (You bought it in a shop on level 2 of the
                  | Vaults)
 42853 | Vaults:2 | Bought a wand of quicksilver (6) for 856 gold pieces
 42884 | Vaults:2 | Received a gift from Okawaru
 43769 | Vaults:3 | Paralysed by a sphinx for 4 turns
 44091 | Vaults:3 | Identified the +7 executioner's axe of True Grit {spect,
                  | Stlth+} (Okawaru gifted it to you on level 3 of the Vaults)
 44091 | Vaults:3 | Received a gift from Okawaru
 44313 | Vaults:3 | Found a staircase to the Crypt.
 44313 | Vaults:3 | Found a basalt altar of Yredelemnul.
 44314 | Vaults:3 | Found an ancient bone altar of Kikubaaqudgha.
 44646 | Vaults:3 | Found Nufaacitt's Assorted Antiques.
 44652 | Vaults:3 | Bought a potion of lignification for 102 gold pieces
 44652 | Vaults:3 | Bought a scroll of teleportation for 102 gold pieces
 44652 | Vaults:3 | Bought a pair of runed boots for 255 gold pieces
 44769 | Vaults:3 | Identified the +0 pair of boots of Catatonia {rElec Regen+
                  | Str+3 Stlth-} (Okawaru gifted it to you on level 3 of the
                  | Vaults)
 44769 | Vaults:3 | Received a gift from Okawaru
 44873 | Vaults:3 | Reached XP level 20. HP: 180/191 MP: 12/31
 45126 | Vaults:4 | Identified the +5 scimitar "Qiorizur" {pain, Int+4}
 46267 | Vaults:4 | Reached skill level 10 in Translocations
 46656 | Depths:1 | Entered Level 1 of the Depths
 46696 | Depths:1 | Found Gett's Armour Shoppe.
 46900 | Depths:1 | Paralysed by something for 3 turns
 47084 | Depths:1 | Received a gift from Okawaru
 47234 | Depths:1 | Found a one-way gate leading to the halls of Pandemonium.
 47448 | Depths:1 | Acquired a manual of Translocations
 47493 | Depths:1 | Found a gateway to Hell.
 47783 | Depths:1 | Identified the +2 pair of gloves of Tyal {*Corrode rC+
                  | Int+7} (Okawaru gifted it to you on level 1 of the Depths)
 47783 | Depths:1 | Received a gift from Okawaru
 47846 | Depths:1 | Noticed a bone dragon
 47866 | Depths:1 | Killed a bone dragon
 47943 | Depths:1 | Reached XP level 21. HP: 197/198 MP: 11/33
 48005 | Depths:1 | Found a one-way gateway to a ziggurat.
 48379 | Depths:1 | Found a basalt altar of Yredelemnul.
 48379 | Depths:1 | Noticed a profane servitor
 48388 | Depths:1 | Killed a profane servitor
 48755 | Depths:2 | Upgraded the game from 0.30-a0-824-g6c64550be9 to
                  | 0.30-a0-830-gfe289a77b0
 48845 | Depths:2 | Noticed a caustic shrike
 48847 | Depths:2 | Noticed a juggernaut
 48857 | Depths:2 | Killed a caustic shrike
 48874 | Depths:2 | Killed a juggernaut
 48919 | Depths:2 | Paralysed by a sphinx for 5 turns
 49086 | Depths:2 | Noticed a caustic shrike
 49105 | Depths:1 | Killed a caustic shrike
 49176 | Depths:2 | Paralysed by something for 5 turns
 49420 | Depths:2 | Noticed a golden dragon
 49430 | Depths:2 | Killed a golden dragon
 49455 | Depths:2 | Identified the +2 chain mail of the Gusle {Fly Will+}
 49504 | Depths:2 | Identified the +1 plate armour "Kagaeth" {Will+}
 49545 | Depths:2 | Noticed a juggernaut
 49557 | Depths:2 | Killed a juggernaut
 49557 | Depths:2 | Identified the +1 arbalest of the Spectre {drain, rN+}
                  | (Okawaru gifted it to you on level 2 of the Depths)
 49557 | Depths:2 | Received a gift from Okawaru
 51185 | Depths:3 | Reached XP level 22. HP: 209/209 MP: 11/34
 51371 | Depths:3 | Found a sparkling altar of Nemelex Xobeh.
 51440 | Depths:3 | Identified the +2 pair of boots of Calculation {rC- Will+
                  | Int+2 SInv}
 51754 | Depths:3 | Reached XP level 23. HP: 217/217 MP: 11/35
 51909 | Depths:3 | Found a one-way gate to the infinite horrors of the Abyss.
 52081 | Depths:3 | Identified the ring "Ickusodwi" {rF+ Dex+3}
 52127 | Depths:4 | Entered Level 4 of the Depths
 52143 | Depths:4 | Noticed a juggernaut
 52331 | Depths:4 | Found a gate to the Realm of Zot.
 52412 | Depths:4 | Noticed Sojobo
 52427 | Depths:4 | Paralysed by an air elemental for 1 turns
 52452 | Depths:3 | Killed a juggernaut
 52567 | Depths:4 | Paralysed by an air elemental for 1 turns
 52626 | Depths:4 | Killed Sojobo
 52669 | Depths:4 | Found a flickering gateway to a bazaar.
 52678 | Bazaar   | Entered a bazaar
 52700 | Bazaar   | Found Ynorusm's Weapon Boutique.
 52704 | Bazaar   | Bought 5 datura-tipped darts for 54 gold pieces
 52704 | Bazaar   | Found Edikekk's General Store.
 52704 | Bazaar   | Found Ukue's General Store.
 52705 | Bazaar   | Found Xivaaq's Weapon Boutique.
 52720 | Bazaar   | Bought a wand of digging (5) for 189 gold pieces
 52720 | Bazaar   | Bought a wand of mindburst (7) for 88 gold pieces
 52720 | Bazaar   | Bought a scroll of enchant weapon for 67 gold pieces
 52720 | Bazaar   | Bought a scroll of enchant weapon for 67 gold pieces
 53137 | Vaults:2 | Found Guses's Assorted Antiques.
 54169 | Depths:4 | Received a gift from Okawaru
 54207 | Depths:4 | Identified the +4 falchion "Gohetiv" {flame, rF+ rC+ SInv}
 54968 | Vaults:5 | Entered Level 5 of the Vaults
 54968 | Vaults:5 | Noticed an ancient lich
 55065 | Vaults:5 | Killed an ancient lich
 55371 | Vaults:5 | Noticed Mennas
 55373 | Vaults:5 | HP: 11/220 [phantasmal warrior (7)]
 55378 | Vaults:5 | HP: 10/220 [yaktaur captain/bolt (21)]
 55385 | Vaults:4 | HP: 6/216 [shadow dragon/bolt of negative energy (10)]
 56299 | Vaults:5 | Reached XP level 24. HP: 226/228 MP: 11/35
 56954 | Vaults:5 | Noticed an ancient lich
 56962 | Vaults:5 | Killed an ancient lich
 57083 | Vaults:5 | Identified the ring of Hopruty {Str+3 Dex+6 Slay-2 SInv
                  | Stlth+}
 57090 | Vaults:5 | Noticed Saint Roka
 57121 | Vaults:5 | Noticed Margery
 57131 | Vaults:5 | Killed Margery
 57172 | Vaults:5 | Identified the ring of the Clam {EV+5 Int+3}
 57313 | Vaults:5 | Reached skill level 15 in Translocations
 57404 | Vaults:5 | Received a gift from Okawaru
 57481 | Vaults:5 | Killed Saint Roka
 57773 | Vaults:5 | Identified the +4 trident of Bodily Harmony {flame, rPois}
 57871 | Vaults:5 | Killed Mennas
 58194 | Vaults:5 | Got Sif Muna's Handbook of the Barrage and Turbulence
 58672 | Vaults:5 | Got a silver rune of Zot
 58869 | Vaults:5 | Noticed a dread lich
 58877 | Vaults:5 | Killed a dread lich
 58968 | Vaults:5 | Noticed an ancient lich
 58983 | Vaults:5 | Killed an ancient lich
 60568 | Slime:1  | Entered Level 1 of the Pits of Slime
 63023 | Slime:4  | Gained mutation: Your magical capacity is low. (-10% MP) [a
                  | shining eye]
 63164 | Slime:5  | Entered Level 5 of the Pits of Slime
 63380 | Slime:5  | Noticed the Royal Jelly
 63394 | Slime:5  | Found a viscous altar of Jiyva.
 63395 | Slime:5  | Found the +8 longbow "Zephyr" {speed, Dex+3 SInv}
 63651 | Slime:5  | Gained mutation: Your spells are a little easier to cast,
                  | but a little less powerful. [a shining eye]
 63769 | Slime:5  | Gained mutation: You are clumsy. (Dex -2) [a shining eye]
 63785 | Slime:4  | Reached XP level 25. HP: 38/238 MP: 10/32
 64642 | Slime:5  | HP: 2/238 [azure jelly[the Royal Jelly] (18)]
 64642 | Slime:5  | Slain by an azure jelly

Illustrated notes

Levels and vault maps discovered:
D:1:      saegor_arrival_simple_a, layout_loops_cross
D:2:      layout_basic
D:3:      layout_loops_ring, gammafunk_ghost_stat_death,
          shapermc_ecumenical_altar_flowoftime, hangedman_decor_growths,
          hangedman_decor_lopped, kennysheep_big_empty_room, uniq_natasha
D:4:      layout_layer_cave
D:5:      layout_loops_ring, grunt_dithmenos_smoke_and_mirrors,
          portal_sewer_entry_f, kennysheep_generic_room_4, uniq_sigmund
D:6:      layout_loops_corners, temple_garden, uniq_duvessa
D:7:      layout_loops_corners, minitemple
D:8:      kennysheep_housing_project, layout_loops_corners, enter_bailey_8
D:9:      layout_roguey, mainiacjoe_overflow_chevrons, david_lair_generic,
          serial_aquarium, aquarium_bridge_straight [aquarium_subvault_bridge,
          aquarium_subvault_balcony, aquarium_subvault_bridge,
          aquarium_subvault_wall], aquarium_bridge_long_separate
          [aquarium_subvault_window, aquarium_subvault_bridge,
          aquarium_subvault_window, aquarium_subvault_wall,
          aquarium_subvault_bridge, aquarium_subvault_bridge],
          aquarium_window_corridor_1, aquarium_window_1, aquarium_window_1,
          aquarium_view_2d, aquarium_view_2d, aquarium_pool_corner,
          serial_bayou_pond_a, hellmonk_guarded_unrand_staff_of_battle
D:10:     layout_long_grid, nicolae_overflow_squiral, zombieorc1_lemuel
D:11:     layout_rooms, serial_shops, shop, uniq_psyche
D:12:     layout_cave_pods, portal_ice_cave_entry_imps, serial_shops, shop,
          grunt_gozag_breadcrumbs, uniq_jorgrun, uniq_maurice
D:13:     layout_gridville, uniq_rupert, uniq_kirke
D:14:     layout_stronghold, david_vaults_3, chequers_avenue, uniq_frances
D:15:     grunt_enter_depths_hoard, layout_irregular_city,
          trove_entry_hex_spiral, gauntlet_entry_generic, minmay_misc_feat_x,
          grunt_ministairs_1
Temple:   lightli_temple_of_artemis
Lair:1:   layout_regular_city, gammafunk_ghost_hydra_chop, uniq_harold
Lair:2:   layout_misc_corridors, nicolae_shoals_entry_roost,
          spider_nest_entry_rubble, dreamdust_gnoll_shepherd, uniq_urug,
          uniq_amaemon
Lair:3:   lemuel_ratsnest, layout_regular_city, bh_autumn_forest_stairs,
          chequers_serial_rivers_small_b, columned_hall_lemuel, minivault_11,
          chequers_serial_rivers_micro_c
Lair:4:   layout_layer_cave, chequers_serial_rivers_room_b, guppyfry_lair_drakes
Lair:5:   due_jungle_book, layout_cellular_growth, slime_entry_1,
          nicolae_lair_lil_pond, infiniplex_staircase_pool_2
Shoals:1: layout_shoals
Shoals:2: layout_shoals, nicolae_shoals_drake_roost
Shoals:3: layout_shoals, nicolae_shoals_isolated_beach, uniq_polyphemus,
          uniq_ilsuiw, uniq_roxanne
Shoals:4: shoals_end_simple, layout_shoals, uniq_louise
Spider:1: layout_chambers, guppyfry_spider_mini_2
Spider:2: layout_chambers
Spider:3: nicolae_spider_broodchamber, uniq_aizul
Spider:4: spider_rune_water
Slime:1:  layout_caves, cheibrodos_slime_lost_civilization_7
Slime:2:  nicolae_slime_jelly_donut, layout_caves
Slime:3:  layout_caves
Slime:4:  layout_caves
Slime:5
Orc:1:    layout_caves
Orc:2:    grunt_orc_tribal_feast, layout_caves, ebering_ghost_xom, uniq_donald
Vaults:1: nicolae_vaults_meeting, v_misc_18, v_alt_pattern_4, v_misc_8,
          nicolae_vaults_big_ls, nicolae_vaults_little_squares_1,
          ontoclasm_vaults_gateway, nicolae_vaults_little_squares_4,
          layout_vaults_chaotic_city
Vaults:2: portal_desolation_entry_nicolae_forbidding_blocks,
          hangedman_vaults_hat, v_pattern_3, v_misc_9, vaults_room_hallway,
          layout_vaults_omnigrid, serial_shops, nicolae_shop_trees
Vaults:3: dpeg_vaults_waves, nicolae_vaults_twisting_passages, v_misc_19,
          ontoclasm_vaults_ligature, ontoclasm_vaults_idyll, vaults_mumra_lcd,
          vaults_dpeg_spiral, minmay_crypt_entry_necro_gods, v_misc_2,
          vaults_room_boxed, nicolae_vaults_shelves_hall, v_misc_23,
          vaults_dpeg_hooks, layout_vaults_maze, serial_shops, shop_fountains
Vaults:4: v_pattern_2, v_misc_15, grunt_vaults_trifunnel,
          nicolae_vaults_asterisk, v_misc_12, ontoclasm_vaults_hangar, v_misc_3,
          nicolae_vaults_border_crossing, vaults_mumra_hex,
          vaults_room_semicircle, layout_vaults_ring
Vaults:5: uniq_saint_roka, uniq_mennas, uniq_margery
Depths:1: minmay_skeleton_keep, layout_basic, enter_ziggurat_f, serial_shops,
          shop, hangedman_abyss_or_decor_stabs, pf_coc_iceberg,
          rand_demon_pan_entry_4, hangedman_blasphemy
Depths:2: minmay_central_circle, layout_basic, rand_demon_pan_entry_5,
          minmay_holes, hell_entry, infiniplex_staircase_zigzag_5
Depths:3: hangedman_arrow_trap, layout_gridlike, abyss_entry,
          hangedman_geh_valley, nrook_mini_vaults, hex_medium,
          nemelex_lonely_heart_becter
Depths:4: grunt_x_marks_the_spot, layout_cave_pools,
          abyss_entry_small_statue_room, grunt_mini_vestibule, serial_shops,
          bzr_in_the_mist, uniq_sojobo

Skill      XL: |  1  2  3  4  5  6  7  8  9 10 11 12 13 14 15 16 17 18 19 20 21 22 23 24 |
---------------+-------------------------------------------------------------------------+-----
Ranged Weapons | 5 6 7 8 9 11 13 15 16 17 18 19 20 21 22 | 22.0
Fighting       | 5 8 9 11 12 14 15 17 18 19 20 21 22 | 22.0
Dodging        | 4 7 8 10 11 13 14 15 17 18 19 21 | 21.6
Armour         | 5 7 10 12 14 15 17 18 19 20 22 | 22.0
Invocations    | 4 7 9 11 12 | 12.2
Translocations | 5 8 11 12 13 14 16 | 16.5
Spellcasting   | 4 8 9 |  9.8
Stealth        | |  0.7

Action                     |  1- 3 |  4- 6 |  7- 9 | 10-12 | 13-15 | 16-18 | 19-21 | 22-24 | 25-27 || total
---------------------------+-------+-------+-------+-------+-------+-------+-------+-------+-------++-------
  Melee: Unarmed           |       |       |     8 |       |       |       |       |       |       ||     8
   Fire: Shortbow          |    66 |   113 |   358 |   198 |       |       |       |       |       ||   735
         Arbalest          |       |       |       |   436 |   246 |       |       |       |       ||   682
         Longbow           |       |       |       |       |   974 |  1873 |  1971 |  1803 |   104 ||  6725
  Throw: Javelin           |       |       |       |       |       |       |       |    13 |       ||    13
         Boomerang         |       |       |       |       |       |       |       |     1 |       ||     1
   Cast: Portal Projectile |       |       |       |       |       |       |     2 |       |     1 ||     3
 Invoke: Heroism           |       |       |     2 |    12 |    23 |    14 |    18 |    26 |     4 ||    99
         Finesse           |       |       |       |     7 |    14 |    12 |    13 |    16 |       ||    62
    Use: Scroll            |       |     8 |     4 |    21 |     7 |     3 |     4 |    22 |     3 ||    72
         Potion            |       |       |     5 |     3 |     3 |       |     5 |    18 |     2 ||    36
 Armour: Leather armour    |     5 |     2 |     7 |       |       |       |       |       |       ||    14
         Skin              |       |       |     1 |       |       |       |       |       |       ||     1
         Steam dragon scal |       |       |     4 |       |       |       |       |       |       ||     4
         Troll leather arm |       |       |       |    67 |   174 |   244 |   195 |       |       ||   680
         Chain mail        |       |       |       |       |       |       |    81 |   401 |    40 ||   522
  Dodge: Dodged            |     9 |    13 |    71 |   218 |   796 |  1217 |  1137 |  1283 |   182 ||  4926
  Block: Other             |       |       |       |       |       |       |   160 |   195 |    37 ||   392
         Reflection        |       |       |       |       |       |       |    11 |    24 |     1 ||    36

Table legend: (Time is in decaauts)
 A = Elapsed time spent in this place.
 B = Non-inter-level travel time spent in this place.
 C = Inter-level travel time spent in this place.
 D = Time resting spent in this place.
 E = Time spent auto-exploring this place.
 F = Levels seen in this place.
 G = Mean time per level.
                   A        B        C        D        E       F      G
               +--------+--------+--------+--------+--------+-----+--------+
         Total |  62575 |  56822 |   5753 |  12205 |  34952 |  50 | 1251.5 |
       Dungeon |  16977 |  14604 |   2373 |   1158 |  11182 |  15 | 1131.8 |
        Temple |    107 |     90 |     17 |      0 |     83 |   1 |  107.0 |
          Lair |   6407 |   5728 |    679 |   1156 |   3781 |   5 | 1281.4 |
        Shoals |   4452 |   4192 |    260 |    856 |   2544 |   4 | 1113.0 |
   Spider Nest |   7485 |   7198 |    287 |   2207 |   4256 |   4 | 1871.2 |
    Slime Pits |   3983 |   3744 |    239 |   1550 |   1446 |   5 |  796.6 |
  Orcish Mines |   1726 |   1603 |    123 |    551 |    833 |   2 |  863.0 |
        Vaults |  12868 |  11854 |   1014 |   3081 |   6664 |   5 | 2573.6 |
        Depths |   6532 |   5774 |    758 |   1363 |   2876 |   4 | 1633.0 |
        Bazaar |     53 |     53 |      0 |     20 |     26 |   1 |   53.0 |
         Sewer |    629 |    629 |      0 |      0 |    526 |   1 |  629.0 |
        Bailey |    500 |    500 |      0 |     44 |    286 |   1 |  500.0 |
      Ice Cave |    627 |    627 |      0 |    215 |    257 |   1 |  627.0 |
      Gauntlet |    222 |    222 |      0 |      0 |    192 |   1 |  222.0 |
               +--------+--------+--------+--------+--------+-----+--------+

Top non-repeatable levels by time:
Vaults:5: 4538 daAuts
Spider:2: 2707 daAuts
Vaults:1: 2415 daAuts
Vaults:2: 2414 daAuts
Depths:2: 2203 daAuts
Spider:4: 2154 daAuts
Vaults:4: 2057 daAuts
Depths:1: 1906 daAuts
    D:10: 1553 daAuts
  Lair:4: 1552 daAuts
Depths:3: 1545 daAuts
  Lair:3: 1526 daAuts
     D:8: 1524 daAuts
Spider:1: 1493 daAuts
Vaults:3: 1442 daAuts
